 Dungeon Crawl Stone Soup version 0.29-a0-1065-g47a6bb87d6 (webtiles) character file.

Game seed: 15140761974098973470

3878 avis the Martial Artist (level 9, -2/71 HPs)
             Began as a Demigod Transmuter on Aug 18, 2022.
             Slain by a wyvern (15 damage)
             ... on level 8 of the Dungeon.
             The game lasted 00:48:02 (6765 turns).

avis the Martial Artist (Demigod Transmuter)        Turns: 6765, Time: 00:48:02

Health: -2/71      AC: 12    Str: 15    XL:     9   Next: 68%
Magic:  18/18      EV: 12    Int: 24    God:
Gold:   466        SH:  0    Dex: 18    Spells: 10/16 levels left

rFire   . . .      SeeInvis +   b - +10 hammer "Ultimatum" {vamp, rPois rC+ Int+5 SInv}
rCold   + . .      Faith    .   (no shield)
rNeg    . . .      Spirit   .   I - +2 leather armour {Will+}
rPois   +          Reflect  .   n - +0 helmet
rElec   .          Harm     .   s - +2 cloak
rCorr   .          Rampage  .   r - +1 pair of gloves
Will    +....                   x - +0 pair of boots
Stlth   +.........              D - amulet of regeneration
HPRegen 1.01/turn               P - ring of see invisible
MPRegen 0.16/turn               d - ring of wizardry

@: hasted, very quick
A: high MP 1, forlorn, divine attributes
a: no special abilities


You were on level 8 of the Dungeon.
You visited 2 branches of the dungeon, and saw 9 of its levels.
You also visited: Ossuary.

You collected 664 gold pieces.
You spent 198 gold pieces at shops.

Inventory:

Hand Weapons
 a - a +4 vorpal shortbow
 b - the +10 hammer "Ultimatum" (weapon) {vamp, rPois rC+ Int+5 SInv}
   (You found it on level 2 of the Dungeon)

   It occasionally heals its wielder for a portion of the damage dealt when it
   wounds a living foe.
   Int:       It affects your intelligence (+5).
   rC:        It protects you from cold.
   rPois:     It protects you from poison.
   SInv:      It lets you see invisible.
 q - a +0 demon whip of venom
Missiles
 e - 2 throwing nets
 l - 14 poisoned darts (quivered)
 B - a boomerang
 M - 4 datura-tipped darts
Armour
 n - a +0 helmet (worn)
 r - a +1 pair of gloves (worn)
 s - a +2 cloak (worn)
 x - a +0 pair of boots (worn)
 y - the +2 pair of gloves "Nipnok" {rElec rC+ Regen+ Int-5}
   (You found it on level 8 of the Dungeon)

   Int:       It affects your intelligence (-5).
   rC:        It protects you from cold.
   rElec:     It insulates you from electricity.
   Regen:     It increases your rate of health regeneration.
 I - a +2 leather armour of willpower (worn)
Jewellery
 d - a ring of wizardry (right hand)
 p - a ring of willpower
 C - a +6 ring of strength
 D - an amulet of regeneration (around neck)
 P - a ring of see invisible (left hand)
Wands
 N - a wand of polymorph (3)
Scrolls
 c - 4 scrolls of fear
 h - 2 scrolls of blinking
 j - 3 scrolls of teleportation
 k - 3 scrolls of identify
 o - a scroll of enchant weapon {unknown}
 t - a scroll of enchant armour {unknown}
 H - 5 scrolls of fog
Potions
 f - 5 potions of curing
 g - 2 potions of invisibility {unknown}
 i - a potion of resistance {unknown}
 m - 2 potions of flight
 u - 2 potions of cancellation
 v - a potion of attraction {unknown}
 w - a potion of might {unknown}
 z - a potion of ambrosia {unknown}
 A - 2 potions of brilliance {unknown}
 E - a potion of mutation {unknown}
 J - a potion of haste


   Skills:
 - Level 4.0 Fighting
 - Level 2.0 Dodging
 * Level 9.9 Unarmed Combat
 - Level 4.0 Spellcasting
 - Level 6.0 Transmutations
 - Level 4.0 Ice Magic


You had 10 spell levels left.
You knew the following spells:

 Your Spells              Type           Power      Damage    Failure   Level
e - Wereblood             Tmut           33%        N/A       1%          2
q - Ice Form              Ice/Tmut       28%        N/A       6%          4

Your spell library contained the following spells:

 Spells                   Type           Power      Damage    Failure   Level
 Beastly Appendage        Tmut           66%        N/A       1%          1
 Sting                    Tmut/Pois      76%        1d6       1%          1
 Passwall                 Tmut/Erth      15%        N/A       2%          2
 Ensorcelled Hibernation  Hex/Ice        28%        N/A       3%          2
 Spider Form              Tmut/Pois      19%        N/A       4%          3
 Poisonous Vapours        Pois/Air       8%         N/A       8%          2
 Static Discharge         Conj/Air       4%         3-4/arc   8%          2
 Swiftness                Air            4%         N/A       14%         3
 Anguish                  Hex/Necr       2%         N/A       41%         4
 Dispel Undead            Necr           4%         3d7       41%         4
 Olgreb's Toxic Radiance  Pois           4%         N/A       41%         4
 Sticky Flame             Conj/Fire      4%         2d3       41%         4


Dungeon Overview and Level Annotations

Branches:
Dungeon (8/15)             Temple (1/1) D:6         Ossuary (visited)
   Lair: D:8-11

Shops:
D:1 [   D:3 ?

Annotations:
D:4 3 runed translucent doors, Underfrisk's ghost, amateur NaWn


Innate Abilities, Weirdness & Mutations

You have an increased reservoir of magic. (+10% MP)
You shall have no god before yourself.
Your divine heritage dramatically boosts your attributes as you level up.


Message History

The orc priest is moderately wounded.
You hear a bellow!
The wyvern barely misses you. The wyvern bites you.
A yak comes into view.
The orc hits you but does no damage. The orc misses you.
The orc closely misses you.
The orc priest miscasts a cantrip.
You closely miss the orc priest. You punch the orc priest!
The orc priest is almost dead.
The wyvern closely misses you. The orc hits you with a +0 mace.
The orc priest misses you.
The orc hits you with a +1 vampiric falchion.
The orc draws strength from your wounds!
The orc hits you but does no damage. The wyvern closely misses you.
A yak comes into view.
The orc hits you with a +0 mace. The orc closely misses you.
The orc priest hits you but does no damage.
The orc hits you with a +0 flail.
The yak bellows!
You hit the orc priest.
You feel better.
You kill the orc priest!
The wyvern bites you. The wyvern bites you!
* * * LOW HITPOINT WARNING * * *
A yak comes into view.
The orc hits you but does no damage. x2
The wyvern barely misses you.
The wyvern bites you but does no damage.
The wyvern barely misses you.
You sock the wyvern!
You feel better.
The wyvern is heavily wounded.
The wyvern bites you!
* * * LOW HITPOINT WARNING * * *
The wyvern bites you but does no damage.
The wyvern closely misses you.
You feel yourself speed up. The wyvern bites you.
* * * LOW HITPOINT WARNING * * *
You sock the wyvern!
The wyvern is severely wounded.
The wyvern bites you!
You die...

######............. .....
#..............###############
#..........))..#.......#......
#..............#.......#).....
#..............'.......#......
#..............#.......#......
#........[.....#.......#......
#..............#.......#......
#............@Y#######.#####..
##############l......#.##.##..
#ooY....#.....#..
#o.Y....#.....#..
#..YY...#.....#..
#.Y.....#.....#..
#.......#.....'..
#.......#.....#..
#.......#.....#..


You could see 6 yaks, a wyvern and 3 orcs.

Vanquished Creatures
  Amaemon (D:7)
  An orange demon (D:8)
  Prince Ribbit (D:7)
  Eustachio (D:4)
  Duvessa (D:6)
  2 ice beasts
  2 sky beasts
  2 ogres (D:6)
  2 centaurs (D:6)
  2 phantoms
  A bullfrog (D:7)
  2 necrophages
  3 scorpions
  Dowan (D:6)
  9 killer bees
  3 howler monkeys (D:8)
  3 hounds
  5 orc priests
  2 gnoll boudas
  Crazy Yiuf (D:2)
  2 iguanas
  2 orc wizards
  8 mummies (Ossuary)
  14 gnolls
  3 adders
  3 shadow imps
  4 white imps
  3 worms
  2 dart slugs
  26 orcs
  5 ball pythons
  6 endoplasms
  3 giant cockroaches
  A gnoll zombie (Ossuary)
  5 hobgoblins
  7 jackals (D:1)
  2 kobolds
  5 quokkas
  3 bats
  2 frilled lizards
  7 goblins
  2 hobgoblin zombies (Ossuary)
  4 kobold zombies (Ossuary)
  An orc zombie (Ossuary)
  2 rats (D:3)
167 creatures vanquished.

Notes
Turn   | Place    | Note
-------+----------+-------------------------------------------
     0 | D:1      | avis the Demigod Transmuter began the quest for the Orb.
     0 | D:1      | Reached XP level 1. HP: 15/15 MP: 5/5
    43 | D:1      | Reached skill level 1 in Fighting
   244 | D:1      | Reached XP level 2. HP: 13/24 MP: 5/7
   467 | D:1      | Found Koucae's Armour Boutique.
   496 | D:1      | Reached skill level 3 in Unarmed Combat
  1079 | D:2      | Reached XP level 3. HP: 19/30 MP: 8/8
  1996 | D:2      | Identified the +10 hammer "Ultimatum" {vamp, rPois rC+
                  | Int+5 SInv}
  2000 | D:2      | Found a runed translucent door.
  2001 | D:2      | Noticed Crazy Yiuf
  2007 | D:2      | Killed Crazy Yiuf
  2008 | D:2      | Reached XP level 4. HP: 38/38 MP: 7/9
  2178 | D:3      | Found Taidabu's Magic Scroll Emporium.
  2586 | D:4      | Noticed a phantom
  2597 | D:3      | Killed a phantom
  2598 | D:3      | Reached skill level 4 in Unarmed Combat
  2598 | D:3      | Reached XP level 5. HP: 39/45 MP: 10/10
  2754 | D:4      | Reached skill level 5 in Unarmed Combat
  2840 | D:4      | Found a runed translucent gate.
  2843 | D:4      | Noticed Underfrisk's ghost (amateur NaWn)
  2851 | D:4      | Found a runed translucent gate.
  2886 | D:4      | Reached XP level 6. HP: 51/51 MP: 11/11
  2891 | D:4      | Learned a level 4 spell: Ice Form
  2894 | D:4      | Learned a level 2 spell: Wereblood
  2897 | D:4      | Found a runed translucent gate.
  3177 | D:3      | Bought a scroll of identify for 22 gold pieces
  3177 | D:3      | Bought a scroll of noise for 11 gold pieces
  3177 | D:3      | Bought a scroll of teleportation for 33 gold pieces
  3177 | D:3      | Bought a scroll of fear for 44 gold pieces
  3177 | D:3      | Bought a scroll of immolation for 44 gold pieces
  3177 | D:3      | Bought a scroll of fog for 44 gold pieces
  3228 | D:5      | Entered Level 5 of the Dungeon
  3231 | D:5      | Noticed Eustachio
  3267 | D:4      | Killed Eustachio
  3268 | D:4      | Reached skill level 6 in Unarmed Combat
  3268 | D:4      | Reached skill level 1 in Ice Magic
  3528 | D:5      | Reached XP level 7. HP: 48/59 MP: 13/13
  4008 | D:6      | Noticed Duvessa
  4008 | D:6      | Noticed Dowan
  4033 | D:6      | Killed Duvessa
  4034 | D:6      | Reached XP level 8. HP: 66/66 MP: 14/14
  4058 | D:6      | Killed Dowan
  4336 | D:6      | Reached skill level 7 in Unarmed Combat
  4430 | D:6      | Found a staircase to the Ecumenical Temple.
  4439 | Temple   | Entered the Ecumenical Temple
  4972 | D:7      | Found a sand-covered staircase.
  4981 | Ossuary  | Entered an ossuary
  5011 | Ossuary  | Reached skill level 8 in Unarmed Combat
  5778 | D:7      | Noticed Prince Ribbit
  5786 | D:7      | Killed Prince Ribbit
  5787 | D:7      | Reached skill level 5 in Transmutations
  5787 | D:7      | Reached XP level 9. HP: 71/71 MP: 18/18
  5944 | D:8      | Noticed Amaemon
  5944 | D:8      | Noticed an orange demon
  6422 | D:7      | Killed Amaemon
  6423 | D:7      | Reached skill level 9 in Unarmed Combat
  6485 | D:8      | Killed an orange demon
  6597 | D:8      | Identified the +2 pair of gloves "Nipnok" {rElec rC+ Regen+
                  | Int-5}
  6765 | D:8      | Slain by a wyvern

Illustrated notes

Levels and vault maps discovered:
D:1:      eino_arrival_water_star, layout_loops_ring, serial_shops, shop,
          shapermc_ecumenical_altar_petra, hangedman_decor_riveting
D:2:      layout_rooms, grunt_ministairs_9, roderic_roman_lattice,
          uniq_crazy_yiuf_cottage
D:3:      layout_rooms, serial_shops, nicolae_shop_stone
D:4:      layout_cave_pools, mainiacjoe_overflow_catwalk_spiral,
          gammafunk_ghost_split
D:5:      layout_basic, grunt_dithmenos_shadows, uniq_eustachio
D:6:      layout_basic, mainiacjoe_overflow_boulevard,
          minmay_temple_entry_poolview, kennysheep_potato, uniq_duvessa
D:7:      layout_basic, gammafunk_temple_overflow_elements,
          nicolae_ossuary_entry_monument, kennysheep_generic_room_12,
          uniq_prince_ribbit1
D:8:      layout_gridville, uniq_amaemon
Temple:   eino_temple_scatter_basement

Skill      XL: |  1  2  3  4  5  6  7  8  9 |
---------------+----------------------------+-----
Fighting       | 2 3 4 |  4.0
Unarmed Combat | 3 4 5 6 8 9 |  9.9
Spellcasting   | 2 4 |  4.0
Transmutations | 2 4 5 6 |  6.0
Ice Magic      | 1 4 |  4.0
Dodging        | 2 |  2.0

Action                   |  1- 3 |  4- 6 |  7- 9 || total
-------------------------+-------+-------+-------++-------
Melee: Unarmed           |    81 |    20 |       ||   101
       Kick              |    25 |     7 |       ||    32
       Headbutt          |    15 |     3 |       ||    18
       Mace              |     2 |    85 |   261 ||   348
       Punch             |       |     3 |    12 ||    15
 Fire: Shortbow          |       |       |   100 ||   100
Throw: Dart              |       |     1 |       ||     1
 Cast: Beastly Appendage |    24 |     8 |       ||    32
       Wereblood         |       |       |     1 ||     1
  Use: Scroll            |       |     3 |     8 ||    11
       Potion            |       |       |     8 ||     8
 Stab: Sleeping          |     1 |     1 |       ||     2
       Distracted        |       |       |     1 ||     1
Armor: Robe              |    17 |    34 |       ||    51
       Leather armour    |       |    30 |   171 ||   201
       Skin              |       |       |    70 ||    70
Dodge: Dodged            |    52 |    97 |   270 ||   419

Table legend: (Time is in decaauts)
 A = Elapsed time spent in this place.
 B = Non-inter-level travel time spent in this place.
 C = Inter-level travel time spent in this place.
 D = Time resting spent in this place.
 E = Time spent auto-exploring this place.
 F = Levels seen in this place.
 G = Mean time per level.
                   A        B        C        D        E       F      G
               +--------+--------+--------+--------+--------+-----+--------+
         Total |   6922 |   6388 |    534 |    996 |   3206 |  10 |  692.2 |
       Dungeon |   6508 |   5974 |    534 |    882 |   3202 |   8 |  813.5 |
        Temple |     30 |     30 |      0 |      0 |      4 |   1 |   30.0 |
       Ossuary |    382 |    382 |      0 |    114 |      0 |   1 |  382.0 |
               +--------+--------+--------+--------+--------+-----+--------+

Top non-repeatable levels by time:
     D:1: 1330 daAuts
     D:7: 1018 daAuts
     D:6: 902 daAuts
     D:2: 706 daAuts
     D:5: 667 daAuts
     D:3: 664 daAuts
     D:4: 639 daAuts
     D:8: 581 daAuts
 Ossuary: 382 daAuts
  Temple: 30 daAuts
